 Dungeon Crawl Stone Soup version 0.29.1-15-g9cfb28693d (webtiles) character file.

Game seed: 10489220477967199188

72 monsoonserge the Trooper (level 4, -4/38 HPs)
             Began as a Palentonga Fighter on May 1, 2023.
             Slain by a gnoll
             ... wielding a +0 flail
              (9 damage)
             ... on level 3 of the Dungeon.
             The game lasted 00:03:41 (1476 turns).

monsoonserge the Trooper (Palentonga Fighter)       Turns: 1476, Time: 00:03:42

Health: -4/38      AC:  6    Str: 24    XL:     4   Next: 6%
Magic:  4/4        EV:  8    Int:  8    God:
Gold:   48         SH:  4    Dex:  9    Spells: 3/3 levels left

rFire   . . .      SeeInvis +   a - +0 war axe
rCold   . . .      Faith    .   c - +0 buckler
rNeg    . . .      Spirit   .   e - +0 ring mail
rPois   .          Reflect  .   (no helmet)
rElec   .          Harm     .   (no cloak)
rCorr   .          Rampage  .   (no gloves)
Will    .....                   (no barding)
Stlth   ..........              (no amulet)
HPRegen 0.12/turn               (no ring)
MPRegen 0.09/turn               (no ring)

@: no status effects
A: large, rugged brown scales 3, see invisible, deformed body, roll 1, armoured
tail
a: Rolling Charge


You were on level 3 of the Dungeon.
You visited 1 branch of the dungeon, and saw 3 of its levels.

You collected 48 gold pieces.

Inventory:

Hand Weapons
 a - a +0 war axe (weapon)
Missiles
 h - 39 stones
Armour
 c - a +0 buckler (worn)
 e - a +0 ring mail (worn)
Magical Staves
 k - a staff of fire
Scrolls
 b - 2 scrolls of teleportation {unknown}
 g - 3 scrolls of identify {unknown}
 i - 2 scrolls of butterflies {unknown}
 j - a scroll of blinking {unknown}
 l - a scroll of enchant armour {unknown}
Potions
 d - a potion of might
 f - a potion of heal wounds {unknown}
 m - a potion of brilliance {unknown}
 n - a potion of curing {unknown}


   Skills:
 + Level 3.6 Fighting
 + Level 3.0 Axes
 + Level 2.8 Armour
 + Level 0.1 Dodging
 + Level 0.1 Stealth
 + Level 2.9 Shields


You had 3 spell levels left.
You didn't know any spells.
Your spell library contained the following spells:

 Spells                   Type           Power      Damage    Failure   Level
 Alistair's Intoxication  Tmut/Pois      0%         N/A       100%        5
 Borgnjor's Vile Clutch   Necr/Erth      0%         N/A       100%        5
 Eringya's Noxious Bog    Tmut/Pois      0%         N/A       100%        6


Dungeon Overview and Level Annotations

Branches:
Dungeon (3/15)

Altars:
Kikubaaqudgha


Innate Abilities, Weirdness & Mutations

You are completely covered in rugged brown scales. (AC +3, +7% HP)
You have supernaturally acute eyesight. (SInv)
Armour fits poorly on your strangely shaped body.
You can roll at nearby foes to attack.
You have a long armoured tail.


Message History

You slash the gnoll!
You kill the gnoll!
The gnoll hits you but does no damage.
Roll where?
Press: ? - help, Dir - move target, f/p - gnoll
Aim: a gnoll, wielding a +0 spear (lightly wounded)
You roll forward with a clatter of scales!
You barely miss the gnoll.
The gnoll is lightly wounded.
The gnoll barely misses you. The gnoll closely misses you.
You hit the gnoll but do no damage.
Your tail-slap misses the gnoll.
The gnoll is lightly wounded.
The gnoll hits you with a +0 spear.
You slash the gnoll!
You kill the gnoll!
The gnoll hits you with a +0 flail.
Your Axes skill increases to level 3!
You have reached level 4!
You feel stronger.
You barely miss the gnoll. The gnoll completely misses you.
You hit the gnoll.
The gnoll is lightly wounded.
The gnoll hits you with a +0 flail!
You barely miss the gnoll.
The gnoll is lightly wounded.
The gnoll hits you but does no damage.
You closely miss the gnoll.
Your tail-slap misses the gnoll.
The gnoll is lightly wounded.
The gnoll hits you with a +0 flail!
* * * LOW HITPOINT WARNING * * *
The gnoll closely misses you.
You hit the gnoll but do no damage.
Your tail-slap misses the gnoll.
The gnoll barely misses you.
You hit the gnoll.
The gnoll is moderately wounded.
The gnoll completely misses you.
You hit the gnoll but do no damage.
The gnoll is moderately wounded.
The gnoll hits you with a +0 flail!
You die...

..# ..######## #.#
.......<.# #.#
#.######.######.#######
#...........>...
########.###### ##.##
#>########...#####
#....g@..........#
##########...###.#
....... ##.#####.# #.#
..# ... #.#


You could see a gnoll.

Vanquished Creatures
  2 gnolls (D:3)
  An adder (D:2)
  A worm (D:2)
  3 bats (D:1)
  4 endoplasms
  A giant cockroach (D:1)
  5 hobgoblins
  7 jackals
  A quokka (D:2)
  5 ball pythons (D:1)
  A frilled lizard (D:1)
  A goblin (D:1)
  4 kobolds
  3 rats
39 creatures vanquished.

Notes
Turn   | Place    | Note
-------+----------+-------------------------------------------
     0 | D:1      | monsoonserge the Palentonga Fighter began the quest for the
                  | Orb.
     0 | D:1      | Reached XP level 1. HP: 19/19 MP: 1/1
   154 | D:1      | Reached XP level 2. HP: 21/25 MP: 2/2
   766 | D:2      | Found a faded altar of an unknown god.
   860 | D:2      | Reached XP level 3. HP: 23/31 MP: 3/3
  1045 | D:2      | Found an ancient bone altar of Kikubaaqudgha.
  1470 | D:3      | Reached XP level 4. HP: 20/38 MP: 4/4
  1476 | D:3      | Slain by a gnoll

Illustrated notes

Levels and vault maps discovered:
D:1:      shiori_arrival_elements, layout_loops_ring
D:2:      layout_loops_ring, nicolae_ecumenical_pavilion, basic_altar,
          st_stairs_14, feat_on_display
D:3:      layout_loops_ring, mainiacjoe_overflow_catwalk, grunt_decor_cap,
          uniq_grinder, uniq_ijyb

Skill      XL: |  1  2  3 |
---------------+----------+-----
Axes           | 3 |  3.0
Fighting       | |  3.6
Armour         | |  2.8
Dodging        | |  0.1
Stealth        | |  0.1
Shields        | |  2.9

Action                   |  1- 3 |  4- 6 || total
-------------------------+-------+-------++-------
Melee: War axe           |    78 |     7 ||    85
       Tailslap          |     3 |       ||     3
 Abil: Rolling Charge    |    24 |       ||    24
Armor: Ring mail         |    36 |     1 ||    37
Dodge: Dodged            |    26 |     4 ||    30
Block: Buckler           |    10 |       ||    10
